 Dungeon Crawl Stone Soup version 0.18.1-50-g88ac8fd (webtiles) character file.

1899 Monkfish the Covert (level 9, -14/81 HPs)
             Began as a Kobold Berserker on Oct 23, 2016.
             Was a Priest of Trog.
             Killed by the air
             ... invoked by Gastronok
              (16 damage)
             ... on level 8 of the Dungeon.
             The game lasted 00:10:04 (4899 turns).

Monkfish the Covert (Kobold Berserker)              Turns: 4899, Time: 00:10:05

Health: -14/81     AC: 11    Str: 21    XL:     9   Next: 38%
Magic:  9/9        EV: 15    Int:  5    God:    Trog [***...]
Gold:   304        SH:  0    Dex: 18    Spells: 0 memorised, 8 levels left

rFire  . . .     SeeInvis .     d - +0 dagger (drain)
rCold  + . .     Gourm    .     g - +2 robe {rC+}
rNeg   . . .     Faith    +     (shield restricted)
rPois  .         Spirit   .     f - +2 helmet
rElec  .         Dismiss  .     i - +0 cloak
rCorr  .         Reflect  .     (no gloves)
SustAt .         Harm     .     p - +2 pair of boots
MR     ++...     Rnd*Tele +     j - amulet of faith
Stlth  ..........               (no ring)
                                (no ring)

@: berserking (expiring), lethally poisoned (-14 -> -14), regenerating, very
quick, very resistant to hostile enchantments, extremely unstealthy
A: carnivore 3, teleportitis 1
a: Berserk, Trog's Hand, Burn Spellbooks, Renounce Religion


You were on level 8 of the Dungeon.
You worshipped Trog.
Trog was most pleased with you.
You were not hungry.

You visited 1 branch of the dungeon, and saw 8 of its levels.

You collected 304 gold pieces.

Inventory:

Hand Weapons
 a - a +0 short sword
 d - a +0 dagger of draining (weapon)
 o - a +0 blowgun
Missiles
 l - 2 needles of paralysis
Armour
 f - a +2 helmet (worn)
 g - a +2 robe of cold resistance (worn)
 i - a +0 cloak (worn)
 p - a +2 pair of boots (worn)
Jewellery
 j - an amulet of faith (around neck)
Wands
 h - a wand of iceblast (8/15)
Scrolls
 b - 3 scrolls of identify
 e - a scroll of blinking
 n - a scroll of magic mapping
Potions
 k - a potion of brilliance
 r - 2 potions of curing
Comestibles
 c - 4 meat rations
 m - a royal jelly


   Skills:
 - Level 5.0 Fighting
 + Level 8.2 Short Blades
 - Level 1.5 Armour
 - Level 2.4 Dodging
 * Level 13.0 Stealth


You had 8 spell levels left.
You didn't know any spells.

Dungeon Overview and Level Annotations

Branches:
Dungeon (9/15)             Temple (0/1) D:5
   Lair: D:8-11         Orc: D:9-12

Altars:
Ashenzari
Makhleb

Shops:
D:6 [

Annotations:
D:6 exclusion: door
D:8 Gastronok
D:9 Prince Ribbit


Innate Abilities, Weirdness & Mutations

You are small and have problems with some larger weapons.
You are carnivorous and can eat meat at any time.
You are occasionally teleported next to monsters.


Message History

The killer bee is almost dead.
* * * LOW HITPOINT WARNING * * *
You feel sick. The killer bee misses you.
The killer bee stings you but does no damage.
You miss the killer bee.
The killer bee is almost dead.
The killer bee completely misses you.
You hit the killer bee.
You kill the killer bee!
Trog accepts your kill.
Your Stealth skill increases to level 13!
You hit the killer bee. You drain the killer bee!
The killer bee is moderately wounded.
You feel sick.
You puncture the killer bee!
The killer bee is severely wounded.
The killer bee closely misses you. The killer bee completely misses you.
Gastronok waves his eye-stalks in wide circles.
The air twists around and strikes you!
You die...

#.........###
####.......(.#.
...)...........
.............#
.............#
............#
....byw....#
#yyy(...#
#@yy....#
#########


You could see Gastronok, 6 killer bees and a bat.

Vanquished Creatures
  Grinder (D:5)
  Sigmund (D:4)
  2 water moccasins
  A sky beast (D:6)
  3 ogres
  3 phantoms
  A centaur (D:8)
  The ghost of lorenzova the Conjurer, an amateur DECj (D:3)
  2 killer bees (D:8)
  A howler monkey (D:4)
  A crimson imp (D:5)
  A giant frog zombie (D:4)
  2 hounds
  2 orc wizards
  Crazy Yiuf (D:5)
  A giant frog skeleton (D:4)
  2 iguanas
  A hound zombie (D:9)
  4 adders
  An adder skeleton (D:5)
  2 worms (D:3)
  3 dart slugs
  2 giant geckos
  7 orcs
  3 ball pythons
  4 giant cockroaches
  9 hobgoblins
  9 jackals
  6 kobolds
  A quokka (D:4)
  A ball python skeleton (D:5)
  5 bats
  A giant cockroach zombie (D:5)
  A giant gecko skeleton (D:4)
  4 giant newts
  11 goblins
  5 rats
  A fungus (D:5)
107 creatures vanquished.

Notes
Turn   | Place    | Note
--------------------------------------------------------------
     0 | D:1      | Monkfish the Kobold Berserker began the quest for the Orb.
     0 | D:1      | Reached XP level 1. HP: 14/14 MP: 1/1
   121 | D:1      | Found a shattered altar of Ashenzari.
   136 | D:1      | Reached skill level 1 in Stealth
   136 | D:1      | Reached XP level 2. HP: 15/19 MP: 2/2
   482 | D:1      | Reached XP level 3. HP: 16/23 MP: 3/3
   502 | D:1      | Reached ** piety under Trog
   913 | D:2      | Reached skill level 2 in Stealth
  1054 | D:2      | Reached XP level 4. HP: 29/29 MP: 4/4
  1265 | D:2      | Reached skill level 3 in Stealth
  1360 | D:2      | Found a burning altar of Makhleb.
  1486 | D:2      | Reached skill level 5 in Short Blades
  1888 | D:3      | Reached skill level 4 in Stealth
  1888 | D:3      | Reached XP level 5. HP: 33/33 MP: 5/5
  2301 | D:3      | Reached *** piety under Trog
  2558 | D:3      | Noticed lorenzova's ghost (amateur DECj)
  2567 | D:3      | Killed lorenzova's ghost
  2567 | D:3      | Reached skill level 5 in Stealth
  2567 | D:3      | Reached XP level 6. HP: 38/38 MP: 6/6
  2658 | D:3      | Gained mutation: You are occasionally teleported next to monsters. [potion of mutation]
  2658 | D:3      | Gained mutation: You are sometimes teleported next to monsters. [potion of mutation]
  2658 | D:3      | Gained mutation: Your magical capacity is low (-10% MP). [potion of mutation]
  2659 | D:3      | Lost mutation: You are sometimes teleported next to monsters. [potion of cure mutation]
  2659 | D:3      | Lost mutation: Your magical capacity is low (-10% MP). [potion of cure mutation]
  2729 | D:4      | Reached skill level 6 in Stealth
  2824 | D:4      | Noticed Sigmund
  2839 | D:4      | Killed Sigmund
  2839 | D:4      | Reached skill level 7 in Stealth
  2839 | D:4      | Reached XP level 7. HP: 44/44 MP: 7/7
  3137 | D:4      | Reached skill level 8 in Stealth
  3609 | D:4      | Reached skill level 5 in Fighting
  3681 | D:5      | Entered Level 5 of the Dungeon
  3693 | D:5      | Reached XP level 8. HP: 49/49 MP: 8/8
  3785 | D:5      | Reached skill level 9 in Stealth
  3851 | D:5      | Noticed Grinder
  3855 | D:5      | Killed Grinder
  3855 | D:5      | Reached skill level 10 in Stealth
  3892 | D:5      | Found a staircase to the Ecumenical Temple.
  3973 | D:5      | Reached skill level 11 in Stealth
  4169 | D:5      | Noticed Crazy Yiuf
  4175 | D:5      | Killed Crazy Yiuf
  4223 | D:6      | Found Xowing's Antique Armour Emporium.
  4343 | D:6      | Reached XP level 9. HP: 54/54 MP: 9/9
  4478 | D:6      | You fall through a shaft for 3 floors!
  4513 | D:9      | Reached skill level 12 in Stealth
  4596 | D:9      | Noticed Prince Ribbit
  4864 | D:8      | Noticed Gastronok
  4884 | D:8      | HP: 4/81 [killer bee (5)]
  4889 | D:8      | HP: 1/81 [killer bee (4)]
  4895 | D:8      | HP: 1/81 [poisoned by a killer bee]
  4897 | D:8      | Reached skill level 13 in Stealth
  4899 | D:8      | Killed from afar by Gastronok

Skill      XL: |  1  2  3  4  5  6  7  8  9 |
---------------+----------------------------+-----
Stealth        | 1 2 4 5 7 8 11 13 | 13.0
Short Blades   | 5 6 7 8 |  8.2
Fighting       | 4 5 |  5.0
Armour         | |  1.5
Dodging        | |  2.4

Action                   |  1- 3 |  4- 6 |  7- 9 || total
-------------------------+-------+-------+-------++-------
Melee: Short sword       |   115 |   119 |       ||   234
       Dagger            |       |     8 |   274 ||   282
Invok: Berserk           |     1 |     4 |     6 ||    11
       Burn Spellbooks   |       |     1 |       ||     1
       Trog's Hand       |       |     1 |     3 ||     4
  Use: Scroll            |     2 |     2 |     6 ||    10
       Potion            |       |     7 |     2 ||     9
 Stab: Sleeping          |     5 |     8 |    14 ||    27
       Distracted        |       |     1 |     1 ||     2
  Eat: Chunk             |     9 |     9 |     8 ||    26
Armor: Animal skin       |     1 |       |       ||     1
       Leather armour    |    18 |    15 |       ||    33
       Robe              |       |       |    71 ||    71
Dodge: Dodged            |    90 |    53 |   156 ||   299
